AoeStats
← Joaquito

Arena

507628636Analyzed
3v3 RM · 12d ago on Sep 19, 2026· 51m 24s· 6 players
Game mode
Random Map
Map size
Normal (6 player)
Population
200
Speed
Normal
Resources
Standard
Victory
Conquest
Starting age
Dark Age
Ending age
Imperial Age
RankedLock teamsTeams togetherTeam positionsShared explorationLock speedFull tech treeHidden civsTurbo modeCheats
Victory
Defeat
🇬🇪 Burmese · Georgia
1114
+15
🇺🇸 Jurchens · United States
1101
+15
🇺🇸 Khmer · United States
1085
+16
🇨🇱 Celts · Chile
1127
-17
🇨🇱 Chinese · Chile
1096
-16
🇨🇱 Bohemians · Chile
1020
-13
Joaquito
7:39 Loom
10:43 Feudal Age
11:27 Feudal Age
12:41 Loom
15:15 Castle Age
13:49 Stone Mining
15:35 Double-Bit Axe
21:42 Scale Mail Armor
32:58 Horse Collar
38:17 Wheelbarrow
43:54 Imperial Age
42:08 Forging
42:12 Stronghold
42:41 Gold Mining
43:10 Hand Cart
43:10 Bow Saw
45:53 Conscription
45:29 Town Watch
45:38 Heavy Scorpion
49:28 Stone Shaft Mining
49:29 Gold Shaft Mining
49:37 Gold Shaft Mining
Arzzeus
5:21 Loom
9:56 Feudal Age
15:30 Castle Age
21:17 Double-Bit Axe
23:04 Wheelbarrow
22:54 Horse Collar
23:44 Wagenburg Tactics
26:18 Bow Saw
27:12 Heavy Plow
29:46 Chemistry
29:07 Ballistics
33:28 Imperial Age
31:51 Hand Cart
33:53 Treadmill Crane
35:21 Two-Man Saw
37:26 Elite Hussite Wagon
cacadecaca38
11:00 Feudal Age
15:45 Castle Age
14:31 Stone Mining
17:25 Loom
25:07 Pikeman
26:23 Double-Bit Axe
28:07 Fletching
28:47 Horse Collar
29:56 Bodkin Arrow
31:37 Bow Saw
35:51 Padded Archer Armor
Jamesiscul
12:24 Feudal Age
13:33 Loom
16:26 Castle Age
14:29 Double-Bit Axe
14:47 Horse Collar
22:42 Heavy Plow
24:33 Bow Saw
30:11 Imperial Age
28:26 Forging
28:22 Scale Barding Armor
29:20 Husbandry
29:31 Bloodlines
30:24 Wheelbarrow
32:56 Hand Cart
32:29 Town Watch
34:05 Double Crossbow
35:10 Heavy Scorpion
44:15 Iron Casting
44:01 Chain Barding Armor
43:58 Elite Battle Elephant
45:25 Tusk Swords
45:47 Conscription
51:10 Hoardings
sigmund fraud
10:02 Loom
11:50 Feudal Age
13:07 Loom
15:49 Castle Age
14:23 Double-Bit Axe
14:27 Horse Collar
18:21 Gold Mining
19:19 Wheelbarrow
20:38 Husbandry
20:46 Scale Mail Armor
22:32 Bloodlines
27:20 Heavy Plow
27:32 Bow Saw
32:58 Hand Cart
35:59 Imperial Age
34:03 Chain Mail Armor
33:58 Forging
35:22 Gold Shaft Mining
39:36 Elite Steppe Lancer
41:45 Iron Casting
51:55 Blast Furnace
Dante_in_the_deep
11:08 Feudal Age
15:36 Castle Age
13:47 Horse Collar
28:16 Loom
39:18 Heavy Plow
38:48 Light Cavalry
39:38 Bloodlines
39:29 Husbandry
42:38 Scale Barding Armor
44:20 Forging
45:58 Chain Barding Armor
48:31 Iron Casting
Connection lost

Rejoining the realm…

Still unreachable

The connection could not be restored.

Session expired

The server has moved on; the page needs a fresh start.